 Dungeon Crawl Stone Soup version 0.17-a0-1020-ge683cc4 (console) character file.

804 Monkaria the Slasher (level 7, -5/57 HPs)
             Began as a Demonspawn Chaos Knight on May 14, 2015.
             Slain by a small abomination (10 damage)
             ... summoned by the capriciousness of Xom
             ... on level 4 of the Dungeon.
             The game lasted 00:06:26 (4396 turns).

Monkaria the Slasher (Demonspawn Chaos Knight)      Turns: 4396, Time: 00:06:26

Health: -5/57      AC: 10    Str: 14      XL:     7   Next: 60%
Magic:  0/7        EV: 11    Int: 12 (14) God:    Xom [.*....]
Gold:   201        SH:  0    Dex: 12      Spells: 0 memorised, 6 levels left

rFire  . . .     SeeInvis .     a - +0 falchion (chaos)
rCold  . . .     Clarity  .     b - +2 leather armour
rNeg   . . .     SustAb   .     (no shield)
rPois  .         Gourm    .     (no helmet)
rElec  .         Spirit   +     f - +0 cloak
rCorr  .         Warding  .     u - +0 pair of gloves
rMut   .         Stasis   .     v - +1 pair of boots
MR     .....                    q - amulet of guardian spirit
Stlth  ..........               (no ring)
                                o - ring of loudness (curse)

@: not resistant to hostile enchantments, extremely unstealthy
A: claws 1, hooves 1, rugged brown scales 1, high mp 1, magic shield, magic
regeneration
a: Renounce Religion


You were on level 4 of the Dungeon.
You worshipped Xom.
You were a plaything of Xom.
You were not hungry.

You visited 1 branch of the dungeon, and saw 4 of its levels.

You collected 201 gold pieces.

Inventory:

Hand weapons
 a - a +0 falchion of chaos (weapon)
Missiles
 k - 7 needles of confusion
 w - 13 poisoned needles
Armour
 b - a +2 leather armour (worn)
 f - a +0 cloak (worn)
 u - a +0 pair of gloves (worn)
 v - a +1 pair of boots (worn)
 B - the +1 robe of Lifelessness {rF+ rC++, unknown}
   (You found it on level 4 of the Dungeon)

   It protects you from fire.
   It greatly protects you from cold.
Jewellery
 o - a cursed ring of loudness (left hand)
 q - an amulet of guardian spirit (around neck)
Scrolls
 g - a scroll of magic mapping {unknown}
 h - a scroll of noise {unknown}
 i - a scroll of immolation {unknown}
 l - a scroll of enchant weapon {unknown}
 m - 4 scrolls of teleportation {unknown}
 r - a scroll of fog {unknown}
 x - a scroll of recharging {unknown}
 y - a scroll of remove curse {unknown}
 A - a scroll of random uselessness {unknown}
Potions
 d - a potion of experience {unknown}
 e - a potion of cure mutation
 j - a potion of lignification
 s - 2 potions of heal wounds
 t - a potion of degeneration
Books
 p - a book of Party Tricks

   Spells                             Type                      Level
   a - Summon Butterflies             Summoning                    1
   b - Apportation                    Translocation                1
   c - Tukima's Dance                 Hexes                        3
   d - Alistair's Intoxication        Transmutation/Poison         4
   e - Invisibility                   Hexes                        6
Comestibles
 c - 5 bread rations
 n - a slice of pizza
 z - 5 chunks of flesh
 D - 10 royal jellies


   Skills:
 - Level 5.0 Fighting
 + Level 7.4 Long Blades
 - Level 1.7 Armour
 - Level 0.8 Dodging


You had 6 spell levels left.
You didn't know any spells.

Dungeon Overview and Level Annotations

Branches:
Dungeon (4/15)             Temple (0/1) D:4

Altars:
Okawaru
Vehumet

Annotations:
D:4 Robin


Innate Abilities, Weirdness & Mutations

You have large cloven feet.
You are partially covered in rugged brown scales (AC +1, +3% HP).
When hurt, damage is shared between your health and your magic reserves.
You regenerate magic rapidly.
You have sharp fingernails.
You have an increased reservoir of magic (+10% MP).


Message History

The small abomination closely misses you.
The kobold completely misses you.
The small abomination barely misses you.
Your orc zombie hits the gnoll.
You barely miss the gnoll.
The gnoll is severely wounded.
The small abomination hits you. The gnoll hits you but does no damage.
The kobold misses you. The small abomination hits you!
The small abomination hits you!!
* * * LOW HITPOINT WARNING * * *
You hit the gnoll.
The gnoll is poisoned.
The gnoll is almost dead.
The gnoll hits you but does no damage.
Your orc zombie barely misses the gnoll.
The small abomination closely misses you. x2
The kobold barely misses you.
You hit the gnoll.
You kill the gnoll!
The small abomination hits you!
You die...

##...####...## #...##
##...# . ########...#
##... #g ..........## #...
#.. ..........# ##(.. #..g
.###.....# ###)... .....
###..## ###.....#
......#####....###....(..#
.......(.@x..........#####
##......KZx........###
############......#
##....## #### ##....)##
.######..## ##.....))#
..........## #........#
#######....# ###........##
##...#####........[..#


You could see 2 small abominations, a kobold and a friendly orc zombie.

Vanquished Creatures
  An ogre (D:4)
  The ghost of Monkaria the Slasher, an average DsCK of Xom (D:3)
  2 hounds
  A centaur skeleton (D:4)
  Crazy Yiuf (D:3)
  3 orc priests
  5 orc wizards
  6 adders
  2 gnolls
  2 oozes
  An adder skeleton (D:4)
  A worm (D:3)
  4 giant geckos
  16 orcs
  2 ball pythons
  10 bats
  A giant cockroach (D:2)
  11 hobgoblins
  A giant gecko skeleton (D:4)
  A giant newt (D:1)
  11 goblins
  10 jackals
  2 kobolds
  10 rats
105 creatures vanquished.

Vanquished Creatures (collateral kills)
  Duvessa (D:4)
  Dowan (D:4)
2 creatures vanquished.

Grand Total: 107 creatures vanquished

Notes
Turn   | Place    | Note
--------------------------------------------------------------
     0 | D:1      | Monkaria the Demonspawn Chaos Knight began the quest for the Orb.
     0 | D:1      | Reached XP level 1. HP: 18/18 MP: 1/1
    93 | D:1      | Gained mutation: When hurt, damage is shared between your health and your magic reserves. [demonic ancestry]
    93 | D:1      | Reached XP level 2. HP: 12/24 MP: 2/2
   207 | D:1      | XOM: harmless Hex miscast
   248 | D:1      | Reached skill level 4 in Fighting
   385 | D:1      | Gained mutation: You have large cloven feet. [demonic ancestry]
   385 | D:1      | Reached XP level 3. HP: 26/30 MP: 3/3
   448 | D:1      | XOM: mild Ice miscast
   758 | D:2      | XOM: god gift: steel ring {god gift}
  1143 | D:2      | XOM: enchant monster (good)
  1184 | D:2      | Reached XP level 4. HP: 36/38 MP: 2/4
  1274 | D:2      | Reached skill level 5 in Fighting
  1294 | D:2      | Found a radiant altar of Vehumet.
  1312 | D:2      | XOM: 5-stop teleportation journey
  1448 | D:3      | Noticed Monkaria's ghost (average DsCK)
  1695 | D:3      | Reached XP level 5. HP: 9/44 MP: 0/5
  1989 | D:3      | Found an iron altar of Okawaru.
  2193 | D:3      | XOM: give mutation
  2193 | D:3      | Gained mutation: You have sharp fingernails. [Xom's grace]
  2582 | D:3      | XOM: polymorph adder -> gnoll
  2757 | D:3      | Noticed Crazy Yiuf
  2768 | D:3      | Killed Crazy Yiuf
  2839 | D:3      | XOM: give mutation
  2839 | D:3      | Gained mutation: You have an increased reservoir of magic (+10% MP). [Xom's grace]
  2891 | D:3      | XOM: swap monsters
  2896 | D:3      | XOM: summons 5 friendly demons
  2929 | D:3      | Killed Monkaria's ghost
  2929 | D:3      | Reached skill level 5 in Long Blades
  2929 | D:3      | Gained mutation: You regenerate magic rapidly. [demonic ancestry]
  2929 | D:3      | Reached XP level 6. HP: 38/51 MP: 6/6
  3037 | D:3      | XOM: god gift: 8 arrows of dispersal
  3210 | D:4      | Noticed Dowan
  3211 | D:4      | Noticed Duvessa
  3221 | D:4      | Killed Duvessa
  3221 | D:4      | Reached skill level 6 in Long Blades
  3223 | D:4      | Killed Dowan
  3537 | D:4      | XOM: enchant monster (bad)
  3542 | D:4      | Gained mutation: You are partially covered in rugged brown scales (AC +1, +3% HP). [demonic ancestry]
  3542 | D:4      | Reached XP level 7. HP: 48/57 MP: 7/7
  3639 | D:4      | XOM: god gift: 10 royal jellies
  3693 | D:4      | Noticed Robin
  3715 | D:4      | XOM: noise
  3739 | D:4      | XOM: noise
  3746 | D:4      | XOM: silly message
  4074 | D:4      | Found a staircase to the Ecumenical Temple.
  4096 | D:4      | Got a creamy pearl robe
  4220 | D:4      | Noticed an ogre
  4230 | D:4      | Killed an ogre
  4230 | D:4      | Reached skill level 7 in Long Blades
  4291 | D:4      | XOM: confusion
  4389 | D:4      | XOM: medium Summ miscast
  4396 | D:4      | Slain by a small abomination

Vault maps used:
D:1:      evilmike_arrival_hilbert_curve
D:2:      lemuel_round_altar, minmay_misc_feat_encased, corexii_leaking_fountain
D:3:      okawaru_trees_2, uniq_crazy_yiuf_cottage
D:4:      temple_green, first_bread, kennysheep_potato, uniq_robin, uniq_duvessa

Action                   |  1- 3 |  4- 6 |  7- 9 || total
-------------------------+-------+-------+-------++-------
Melee: Falchion          |   122 |   218 |    84 ||   424
  Use: Potion            |       |     3 |     3 ||     6
       Scroll            |       |     3 |       ||     3
 Stab: Confused          |       |     3 |       ||     3
       Petrified         |       |     2 |       ||     2
       Petrifying        |       |     1 |       ||     1
       Paralysed         |       |       |     1 ||     1
  Eat: Chunk             |     1 |     8 |     3 ||    12
